 Dungeon Crawl Stone Soup version 0.30-a0-135-g630cfc4551 (webtiles) character file.

Game seed: 7230707736857640883

974 tbh1313 the Cleaver (level 7, -6/85 HPs)
             Began as a Minotaur Berserker on Sept 20, 2022.
             Was a Priest of Trog.
             Mangled by a wyvern (13 damage)
             ... on level 6 of the Dungeon.
             The game lasted 00:07:45 (3801 turns).

tbh1313 the Cleaver (Minotaur Berserker)            Turns: 3801, Time: 00:07:46

Health: -6/85      AC: 11    Str: 21    XL:     7   Next: 95%
Magic:  6/6        EV:  6    Int:  6    God:    Trog [***...]
Gold:   232        SH:  0    Dex: 10    Spells: 6/6 levels left

rFire   . . .      SeeInvis .    a - +1 hand axe (vorpal)
rCold   . . .      Faith    .    (no shield)
rNeg    . . .      Spirit   .    u - +0 plate armour
rPois   .          Reflect  .    (helmet restricted)
rElec   .          Harm     .    (no cloak)
rCorr   .          Rampage  .    (no gloves)
Will    .....                    (no boots)
Stlth   ..........               g - amulet of regeneration
HPRegen 1.04/turn                x - ring of flight
MPRegen 0.10/turn                (no ring)

@: berserking, flying, very quick
A: horns 2, retaliatory headbutt
a: Renounce Religion, Berserk, Trog's Hand


You were on level 6 of the Dungeon.
You worshipped Trog.
Trog was most pleased with you.
You visited 1 branch of the dungeon, and saw 6 of its levels.

You collected 232 gold pieces.

Inventory:

Hand Weapons
 a - a +1 vorpal hand axe (weapon)
 y - a +0 broad axe
Missiles
 w - 2 throwing nets (quivered)
Armour
 u - a +0 plate armour (worn)
Jewellery
 d - an amulet of faith
 g - an amulet of regeneration (around neck)
 l - an amulet of guardian spirit
 x - a ring of flight (left hand)
Wands
 B - a wand of digging (6)
Scrolls
 b - 2 scrolls of immolation {unknown}
 e - a scroll of vulnerability {unknown}
 h - 3 scrolls of amnesia
 i - 2 scrolls of identify {unknown}
 m - a scroll of enchant weapon
 n - a scroll of summoning {unknown}
 p - a scroll of noise {unknown}
 q - 2 scrolls of butterflies {unknown}
 r - a scroll of blinking {unknown}
 D - a scroll of torment {unknown}
Potions
 c - 2 potions of might {unknown}
 f - 2 potions of flight {unknown}
 j - 2 potions of curing {unknown}
 k - a potion of invisibility {unknown}
 o - 2 potions of degeneration {unknown}
 s - a potion of mutation {unknown}
 t - a potion of resistance {unknown}
 v - a potion of cancellation {unknown}
 z - 2 potions of lignification {unknown}
 A - a potion of haste {unknown}
 C - a potion of attraction {unknown}


   Skills:
 - Level 3.6 Fighting
 + Level 11.5 Axes
 - Level 2.4 Armour
 - Level 2.1 Dodging


You had 6 spell levels left.
You didn't know any spells.
Your spell library contained the following spells:

 Spells                   Type           Power      Damage    Failure   Level
 Beastly Appendage        Tmut           0%         N/A       100%        1
 Foxfire                  Conj/Fire      0%         2x1d4     100%        1
 Shock                    Conj/Air       0%         1d3       100%        1
 Wereblood                Tmut           0%         N/A       100%        2
 Inner Flame              Hex/Fire       0%         N/A       100%        3
 Kindle Blastsparks       Fire/Tloc/Air  0%         2d10      100%        3
 Spider Form              Tmut/Pois      0%         N/A       100%        3
 Swiftness                Air            0%         N/A       100%        3
 Airstrike                Air            0%         2d(0-16)  100%        4
 Flame Wave               Conj/Fire      0%         2d4       100%        4


Dungeon Overview and Level Annotations

Branches:
Dungeon (6/15)             Temple (0/1) D:4

Altars:


Innate Abilities, Weirdness & Mutations

You have a pair of horns on your head.
You reflexively headbutt those who attack you in melee.


Message History

You are too injured to fight recklessly!
You are too injured to fight recklessly!
You are too injured to fight recklessly!
You are too injured to fight recklessly!
You are too injured to fight recklessly!
You are too injured to fight recklessly!
You are too injured to fight recklessly!
You are too injured to fight recklessly!
You are too injured to fight recklessly!
You are too injured to fight recklessly!
You are too injured to fight recklessly!
You are too injured to fight recklessly!
You are too injured to fight recklessly!
A red film seems to cover your vision as you go berserk!
You feel yourself moving faster!
You feel mighty! The wyvern bites you! x2
* * * LOW HITPOINT WARNING * * *
The wyvern bites you but does no damage.
You barely miss the wyvern.
The wyvern is almost dead.
You slash the wyvern!
The wyvern bites you but does no damage.
You closely miss the wyvern.
The wyvern is almost dead.
You closely miss the orc. You closely miss the wyvern. The wyvern bites you!
* * * LOW HITPOINT WARNING * * *
The wyvern closely misses you. You furiously retaliate!
You headbutt the wyvern.
You kill the wyvern!
Trog accepts your kill.
You are too berserk!
Found 6 stones.
The wyvern barely misses you. The orc hits you but does no damage.
You see here a wyvern corpse.
You closely miss the wyvern. Your headbutt misses the wyvern.
The wyvern is heavily wounded.
You slash the orc!
You kill the orc!
Trog accepts your kill. The wyvern bites you!
You die...

#.......8( ...
#........♣ ....
#........♣♣....
#.......8..8....
#...o............
#.....o..........
#..[............
#..))@?........
##.).l........#
.#
##..........###.#
##........##.#.#
####''####....#
#...####....#
#.####......# #
#.####.##.#.##.#
#.# #.#
#..............#


You could see a wyvern and 2 orcs.

Levels and vault maps discovered:
D:1:      sevenhm_arrival_forest_fort_large_2, layout_loops_ring,
          chequers_ecumenical_altar_simple_redux, dreamdust_princess_corridor,
          minmay_misc_feat_roman
D:2:      layout_basic, kennysheep_cross_bottleneck, minmay_curled_crystal,
          corexii_leaking_fountain, minivault_25, uniq_sigmund
D:3:      kennysheep_slugbush, layout_basic, uniq_natasha
D:4:      layout_cave_pods, minmay_temple_entry_junction
D:5:      layout_cave_pools, uniq_ijyb
D:6:      kennysheep_big_flooded_room, layout_loops_ring, fountainhead

Notes
Turn   | Place    | Note
-------+----------+-------------------------------------------
     0 | D:1      | tbh1313 the Minotaur Berserker began the quest for the Orb.
     0 | D:1      | Reached XP level 1. HP: 19/19 MP: 0/0
    89 | D:1      | Reached skill level 4 in Axes
   307 | D:1      | Reached XP level 2. HP: 26/26 MP: 1/1
   593 | D:1      | Found a faded altar of an unknown god.
  1025 | D:2      | Reached skill level 5 in Axes
  1060 | D:2      | Reached ** piety under Trog
  1061 | D:2      | Reached XP level 3. HP: 25/31 MP: 2/2
  1156 | D:2      | Reached skill level 6 in Axes
  1156 | D:2      | Reached XP level 4. HP: 39/39 MP: 3/3
  1221 | D:2      | Noticed Sigmund
  1227 | D:2      | Killed Sigmund
  1228 | D:2      | Reached skill level 7 in Axes
  1228 | D:2      | Reached XP level 5. HP: 45/45 MP: 4/4
  1273 | D:2      | Reached skill level 8 in Axes
  1502 | D:3      | Reached XP level 6. HP: 50/51 MP: 5/5
  1900 | D:3      | Noticed Natasha
  2035 | D:3      | Identified the amulet of Sajearr {Spirit rC- Dex+7}
  2116 | D:3      | Killed Natasha
  2117 | D:3      | Reached skill level 9 in Axes
  2417 | D:4      | Reached *** piety under Trog
  2587 | D:4      | Reached XP level 7. HP: 37/57 MP: 6/6
  2941 | D:4      | Found a staircase to the Ecumenical Temple.
  2979 | D:4      | Reached skill level 10 in Axes
  3237 | D:5      | Entered Level 5 of the Dungeon
  3443 | D:5      | Noticed Ijyb
  3460 | D:5      | Killed Ijyb
  3787 | D:6      | Noticed a wyvern
  3788 | D:6      | Noticed a wyvern
  3795 | D:6      | Reached skill level 11 in Axes
  3799 | D:6      | HP: 5/85 [wyvern (15)]
  3799 | D:6      | Killed a wyvern
  3801 | D:6      | Mangled by a wyvern

Table legend: (Time is in decaauts)
 A = Elapsed time spent in this place.
 B = Non-inter-level travel time spent in this place.
 C = Inter-level travel time spent in this place.
 D = Time resting spent in this place.
 E = Time spent auto-exploring this place.
 F = Levels seen in this place.
 G = Mean time per level.
                   A        B        C        D        E       F      G
               +--------+--------+--------+--------+--------+-----+--------+
         Total |   3854 |   3606 |    248 |    120 |   2724 |   6 |  642.3 |
       Dungeon |   3854 |   3606 |    248 |    120 |   2724 |   6 |  642.3 |
               +--------+--------+--------+--------+--------+-----+--------+

Top non-repeatable levels by time:
     D:1: 926 daAuts
     D:4: 916 daAuts
     D:3: 833 daAuts
     D:2: 625 daAuts
     D:5: 457 daAuts
     D:6: 95 daAuts

Table legend:
 A = Kills in this place as a percentage of kills in entire the game.
 B = Kills by you in this place as a percentage of kills by you in the entire game.
 C = Kills by friends in this place as a percentage of kills by friends in the entire game.
 D = Other kills in this place as a percentage of other kills in the entire game.
 E = Experience gained in this place as a percentage of experience gained in the entire game.
 F = Experience gained in this place divided by the number of levels of this place that you have seen.
                   A       B       C       D       E      F
               +-------+-------+-------+-------+-------+----------------------
         Total | 100.0 | 100.0 |   N/A |   N/A | 100.0 | 232.5
       Dungeon | 100.0 | 100.0 |   N/A |   N/A | 100.0 | 232.5
               +-------+-------+-------+-------+-------+----------------------

Action                   |  1- 3 |  4- 6 |  7- 9 || total
-------------------------+-------+-------+-------++-------
Melee: Hand axe          |    55 |   115 |    73 ||   243
       Headbutt          |     5 |    19 |    15 ||    39
       Punch             |       |       |     1 ||     1
Invok: Berserk           |     1 |     2 |     1 ||     4
       Trog's Hand       |       |     1 |       ||     1
  Use: Scroll            |     2 |     1 |       ||     3
Armor: Animal skin       |    10 |    25 |       ||    35
       Plate armour      |       |       |    38 ||    38
Dodge: Dodged            |    24 |    69 |    28 ||   121

Vanquished Creatures
  Sigmund (D:2)
  A wyvern (D:6)
  A black bear (D:3)
  A jelly (D:4)
  3 orc priests
  2 hounds
  Ijyb (D:5)
  2 iguanas (D:4)
  Natasha (D:3)
  An orc wizard (D:5)
  4 adders
  11 gnolls
  A white imp (D:6)
  An ufetubus (D:5)
  4 worms
  14 dart slugs
  14 orcs
  2 bats (D:3)
  5 endoplasms
  3 giant cockroaches
  5 goblins
  6 hobgoblins
  4 kobolds
  2 quokkas
  6 ball pythons
  7 frilled lizards
  4 rats
107 creatures vanquished.
